 Dungeon Crawl Stone Soup version 0.29-a0-397-g846e4a0bbc (webtiles) character file.

Game seed: 7244109466560467171

592 Bruhh the Cleaver (level 7, -6/57 HPs)
             Began as a Hill Orc Fighter on May 11, 2022.
             Was a Priest of Uskayaw.
             Mangled by Duvessa
             ... wielding a +0 short sword of holy wrath
              (12 damage)
             ... on level 5 of the Dungeon.
             The game lasted 00:07:48 (4728 turns).

Bruhh the Cleaver (Hill Orc Fighter)                Turns: 4728, Time: 00:07:48

Health: -6/57      AC:  9    Str: 21    XL:     7   Next: 39%
Magic:  1/11       EV:  6    Int:  8    God:    Uskayaw [***...]
Gold:   252        SH:  8    Dex: 10    Spells: 6/6 levels left

rFire   . . .      SeeInvis .   a - +0 war axe
rCold   . . .      Faith    .   p - +0 kite shield
rNeg    . . .      Spirit   .   j - +0 chain mail
rPois   .          Reflect  .   (no helmet)
rElec   .          Harm     .   u - scarf {repulsion}
rCorr   .          Rampage  .   (no gloves)
Will    .....                   (no boots)
Stlth   ..........              m - amulet of regeneration
HPRegen 0.99/turn               (no ring)
MPRegen 0.12/turn               (no ring)

@: mighty, repel missiles
A: no striking features
a: Renounce Religion, Stomp, Line Pass


You were on level 5 of the Dungeon.
You worshipped Uskayaw.
Uskayaw was noncommittal.
You visited 1 branch of the dungeon, and saw 5 of its levels.

You collected 252 gold pieces.

Inventory:

Hand Weapons
 a - a +0 war axe (weapon)
Armour
 b - a +0 scale mail
 c - a +0 buckler
 j - a +0 chain mail (worn)
 k - a +0 tower shield
 p - a +0 kite shield (worn)
 u - a scarf of repulsion (worn)
Jewellery
 m - an amulet of regeneration (around neck)
 w - an amulet of faith
Wands
 o - a wand of iceblast (9)
 y - a wand of digging (4)
Scrolls
 f - a scroll of amnesia
 g - 4 scrolls of teleportation
 h - a scroll of poison
 n - 3 scrolls of fear
 q - a scroll of noise
 t - a scroll of fog
 v - 3 scrolls of identify
 x - 3 scrolls of vulnerability {unknown}
 A - a scroll of silence {unknown}
Potions
 e - 3 potions of ambrosia {unknown}
 r - 2 potions of haste
 s - a potion of magic
 z - a potion of lignification {unknown}


   Skills:
 - Level 3.6 Fighting
 + Level 8.1 Axes
 - Level 3.2 Armour
 - Level 3.2 Shields
 + Level 6.4 Invocations


You had 6 spell levels left.
You didn't know any spells.
Your spell library contained the following spells:

 Spells                   Type           Power      Damage    Failure   Level
 Scorch                   Fire           0%         2d5       100%        2
 Dazzling Flash           Conj/Hex       0%         N/A       100%        3
 Flame Wave               Conj/Fire      0%         2d4       100%        4
 Iskenderun's Mystic Bla  Conj/Tloc      0%         2d3       100%        4
 Starburst                Conj/Fire      0%         6d3       100%        6
 Summon Cactus Giant      Summ           0%         N/A       100%        6


Dungeon Overview and Level Annotations

Branches:
Dungeon (5/15)
 Temple: D:4-7

Altars:
Fedhas
Uskayaw
Wu Jian

Annotations:
D:5 Duvessa


Message History

You stomp with the beat, sending a shockwave through the revellers around you!
You kill the iron imp!
The iron imp disappears in a puff of smoke!
You kill Eustachio!
The shadow imp disappears in a puff of smoke!
The crimson imp disappears in a puff of smoke!
You feel sick.
Your Axes skill increases to level 8!
Your Invocations skill increases to level 6!
You feel very mighty all of a sudden.
You feel sick.
You feel much better.
You feel sick.
You are no longer poisoned.
You slash Duvessa!
Duvessa is lightly wounded.
Duvessa is no longer sharing her pain.
Duvessa hits you with a +0 short sword of holy wrath!
Duvessa hits you with a +0 short sword of holy wrath.
You hit Duvessa.
Duvessa is moderately wounded.
You block Duvessa's attack. Duvessa barely misses you.
Uskayaw will force your foes to share their pain.
You barely miss Duvessa.
Duvessa is moderately wounded.
You block Duvessa's attack. x2
You stomp with the beat, sending a shockwave through the revellers around you!
Duvessa is heavily wounded.
Duvessa hits you with a +0 short sword of holy wrath!
You block Duvessa's attack.
You slash Duvessa!
Duvessa is severely wounded.
Duvessa hits you with a +0 short sword of holy wrath!
* * * LOW HITPOINT WARNING * * *
You block Duvessa's attack.
You slash Duvessa!
Duvessa is almost dead.
Duvessa hits you with a +0 short sword of holy wrath!
* * * LOW HITPOINT WARNING * * *
Duvessa hits you with a +0 short sword of holy wrath!
You die...

>.....####...##### ♣.
##.#.#. ##.## ♣. ♣.
#....# #.# . ♣. #...##.#
#.# . ♣# #..e...# ##'##
.♣ ### ##..#####
##...###.♣ ..# #..###
##........# #.##...#.##
##.......###
#.#..#....####.)@e.....#
.............'.........+
#..###....####.........#
..####.#.## ##.......##
####.))).# ##.....##
#.....# ##...## #.....#
##+## #.....# #.....#


You could see Duvessa (berserk).

Vanquished Creatures
  Eustachio (D:5)
  An ogre (D:4)
  Dowan (D:5)
  A hound (D:4)
  A jelly (D:4)
  3 orc wizards
  Robin (D:3)
  6 adders
  An ufetubus (D:5)
  3 worms
  5 dart slugs
  11 orcs
  2 ball pythons
  3 bats (D:1)
  5 endoplasms
  2 giant cockroaches
  10 hobgoblins
  6 jackals
  2 quokkas
  2 frilled lizards (D:2)
  18 goblins
  9 kobolds
  4 rats
98 creatures vanquished.

Notes
Turn   | Place    | Note
-------+----------+-------------------------------------------
     0 | D:1      | Bruhh the Hill Orc Fighter began the quest for the Orb.
     0 | D:1      | Reached XP level 1. HP: 19/19 MP: 1/1
    56 | D:1      | Reached skill level 3 in Axes
   121 | D:1      | Reached XP level 2. HP: 21/26 MP: 2/2
   284 | D:1      | Reached skill level 4 in Axes
   468 | D:1      | Reached XP level 3. HP: 30/31 MP: 3/3
   634 | D:1      | Found a faded altar of an unknown god.
   672 | D:1      | Prayed at the altar of an unknown god.
   672 | D:1      | Became a worshipper of Uskayaw the Reveller
   672 | D:1      | Reached * piety under Uskayaw
  1195 | D:2      | Reached skill level 1 in Invocations
  1305 | D:2      | Found a blossoming altar of Fedhas.
  1314 | D:2      | Reached skill level 5 in Axes
  1562 | D:2      | Reached ** piety under Uskayaw
  1563 | D:2      | Reached XP level 4. HP: 21/39 MP: 5/5
  2832 | D:3      | Noticed Robin
  2841 | D:3      | Reached XP level 5. HP: 16/45 MP: 3/7
  2843 | D:3      | Killed Robin
  3414 | D:4      | Reached skill level 6 in Axes
  3754 | D:4      | Reached XP level 6. HP: 51/51 MP: 9/9
  3758 | D:4      | Reached *** piety under Uskayaw
  3997 | D:4      | Reached skill level 7 in Axes
  3997 | D:4      | Reached skill level 5 in Invocations
  4128 | D:5      | Entered Level 5 of the Dungeon
  4255 | D:5      | Noticed Dowan
  4255 | D:5      | Noticed Duvessa
  4308 | D:5      | Killed Dowan
  4584 | D:5      | Reached XP level 7. HP: 57/57 MP: 11/11
  4627 | D:5      | Found an ornate altar of the Wu Jian Council.
  4692 | D:5      | Noticed Eustachio
  4719 | D:5      | Reached **** piety under Uskayaw
  4720 | D:5      | Killed Eustachio
  4721 | D:5      | Reached skill level 8 in Axes
  4728 | D:5      | Mangled by Duvessa

Illustrated notes

Levels and vault maps discovered:
D:1:      lightli_arrival_isolated_outpost, layout_rooms,
          hellmonk_ecumenical_altar_heavens_door
D:2:      layout_basic, basic_altar, chequers_serial_rivers_micro_a,
          chequers_serial_rivers_room_b, feat_on_display
D:3:      kennysheep_goblin_castle, layout_basic, kennysheep_big_empty_room,
          minmay_misc_feat_roman
D:4:      layout_rooms, uniq_robin
D:5:      layout_loops_corners, good_gods_temple_1,
          nicolae_wu_jian_wuxing_cycle, hellmonk_bongcloud_opening,
          roderic_lattice_a, lemuel_flamethrower_2, uniq_eustachio, uniq_duvessa

Skill      XL: |  1  2  3  4  5  6  7 |
---------------+----------------------+-----
Axes           | 3 4 5 6 7 8 |  8.1
Invocations    | 1 3 4 5 6 |  6.4
Fighting       | |  3.6
Armour         | |  3.2
Shields        | |  3.2

Action                   |  1- 3 |  4- 6 |  7- 9 || total
-------------------------+-------+-------+-------++-------
Melee: War axe           |   104 |   147 |    22 ||   273
Invok: Stomp             |       |     5 |     4 ||     9
  Use: Potion            |       |     1 |     5 ||     6
       Scroll            |       |     9 |       ||     9
 Stab: Paralysed         |       |     2 |     3 ||     5
Armor: Scale mail        |    56 |       |       ||    56
       Chain mail        |     9 |   105 |    23 ||   137
Dodge: Dodged            |    49 |    56 |    11 ||   116
       Repelled          |       |     1 |       ||     1
Block: Buckler           |    25 |     4 |       ||    29
       Kite shield       |       |    50 |    19 ||    69

Table legend: (Time is in decaauts)
 A = Elapsed time spent in this place.
 B = Non-inter-level travel time spent in this place.
 C = Inter-level travel time spent in this place.
 D = Time resting spent in this place.
 E = Time spent auto-exploring this place.
 F = Levels seen in this place.
 G = Mean time per level.
                   A        B        C        D        E       F      G
               +--------+--------+--------+--------+--------+-----+--------+
         Total |   4830 |   4738 |     92 |      0 |   3880 |   5 |  966.0 |
       Dungeon |   4830 |   4738 |     92 |      0 |   3880 |   5 |  966.0 |
               +--------+--------+--------+--------+--------+-----+--------+

Top non-repeatable levels by time:
     D:2: 1316 daAuts
     D:3: 1230 daAuts
     D:1: 935 daAuts
     D:4: 731 daAuts
     D:5: 616 daAuts
